 Dungeon Crawl Stone Soup version 0.19.0 (webtiles) character file.

91 varam the Sneak (level 4, -6/31 HPs)
             Began as an Octopode Assassin on Nov 1, 2016.
             Engulfed by Sigmund's steam (7 damage)
             ... on level 2 of the Dungeon.
             The game lasted 00:02:37 (2483 turns).

varam the Sneak (Octopode Assassin)                 Turns: 2483, Time: 00:02:38

Health: -6/31      AC:  1    Str: 10    XL:     4   Next: 59%
Magic:  4/4        EV: 13    Int: 13    God:
Gold:   76         SH:  0    Dex: 14    Spells: 0 memorised, 3 levels left

rFire  . . .     SeeInvis .       - Unarmed
rCold  . . .     Gourm    .     (no shield)
rNeg   . . .     Faith    .     (helmet restricted)
rPois  .         Spirit   .     (no amulet)
rElec  .         Reflect  .     (no ring)
rCorr  .         Harm     .     (no ring)
MR     .....                    (no ring)
Stlth  ++++......               (no ring)
                                (no ring)
                                (no ring)
                                (no ring)
                                (no ring)

@: no status effects
A: almost no armour, stealthy swim, amphibious, 8 rings, constrict 8, camouflage
1, gelatinous body 1
a: no special abilities


You were on level 2 of the Dungeon.
You were hungry.

You visited 1 branch of the dungeon, and saw 2 of its levels.

You collected 76 gold pieces.

Inventory:

Hand Weapons
 a - a +2 dagger
 b - a +0 blowgun
 e - a +0 dagger of venom
Missiles
 c - 8 poisoned needles
 d - 2 curare-tipped needles
 g - 5 stones (quivered)
Scrolls
 j - a scroll of random uselessness {unknown}
 l - 3 scrolls of teleportation {unknown}
 o - a scroll of magic mapping {unknown}
 r - a scroll of enchant armour {unknown}
Potions
 h - 2 potions of curing {unknown}
 i - a potion of mutation {unknown}
 k - 3 potions of flight {unknown}
 m - a potion of lignification {unknown}
 n - a potion of haste {unknown}
 p - a potion of might {unknown}
Comestibles
 f - a bread ration
 q - a beef jerky


   Skills:
 + Level 3.3 Fighting
 - Level 2.0 Short Blades
 - Level 2.0 Throwing
 - Level 1.0 Dodging
 - Level 5.3 Stealth
 + Level 3.0 Unarmed Combat


You had 3 spell levels left.
You didn't know any spells.

Dungeon Overview and Level Annotations

Branches:
Dungeon (2/15)

Altars:
Ashenzari
Dithmenos
Xom

Annotations:
D:2 Sigmund


Innate Abilities, Weirdness & Mutations

You cannot wear most types of armour.
You are very stealthy in the water. (Stealth+)
You are amphibious.
You can wear up to eight rings at the same time.
You can use your tentacles to constrict eight enemies at once.
Your skin changes colour to match your surroundings (Stealth+).
Your rubbery body absorbs attacks. (AC +1, EV +1)


Message History

Found a shimmering altar of Xom and a shattered altar of Ashenzari.
Found a shadowy altar of Dithmenos.
There is an open door here.
Sigmund shouts!
Sigmund gestures at you while chanting.
You are confused.
Sigmund misses you.
You bump into the stone wall.
Sigmund completely misses you. Sigmund closely misses you.
Sigmund casts a spell at you. The puff of flame hits you!
You bump into the stone wall.
You are engulfed in a cloud of scalding steam.
You feel less confused. Sigmund gestures at you while chanting.
You resist with some effort. Sigmund hits you with a scythe!
* * * LOW HITPOINT WARNING * * *
You are engulfed in a cloud of scalding steam.
You die...

#.##############....#.#
#.................#.#)#
##.####...####........#
#..##..#### ##.......#
##.#.[###8#####.....##
#...##≈≈_#...#.##..#
#..##≈§..##....##..#
#..#§≈...####..##..#
#..'@§@._8# ##.##...
##.#≈≈...####..##...#
#.##≈≈..##....###..#
#..##≈≈_#...#.# ..>#
##..###8#####.# ##.#
##..#### ##.[#
##...####..##
##.......## #########


You could see Sigmund.

Vanquished Creatures
  Natasha (D:2)
  An ooze (D:1)
  A worm (D:2)
  3 dart slugs
  A leopard gecko (D:2)
  6 bats (D:1)
  4 giant cockroaches
  3 goblins
  5 hobgoblins
  10 jackals
  4 frilled lizards
  6 kobolds
  3 rats
48 creatures vanquished.

Notes
Turn   | Place    | Note
-------+----------+-------------------------------------------
     0 | D:1      | varam the Octopode Assassin began the quest for the Orb.
     0 | D:1      | Reached XP level 1. HP: 14/14 MP: 1/1
   214 | D:1      | Reached skill level 1 in Unarmed Combat
   220 | D:1      | Reached XP level 2. HP: 15/19 MP: 2/2
   668 | D:1      | Reached XP level 3. HP: 13/25 MP: 3/3
  1386 | D:1      | Reached skill level 2 in Unarmed Combat
  2040 | D:2      | Reached skill level 3 in Fighting
  2088 | D:2      | Reached XP level 4. HP: 30/31 MP: 4/4
  2135 | D:2      | Noticed Natasha
  2145 | D:2      | Killed Natasha
  2399 | D:2      | Reached skill level 3 in Unarmed Combat
  2472 | D:2      | Found a shimmering altar of Xom.
  2472 | D:2      | Found a shattered altar of Ashenzari.
  2472 | D:2      | Noticed Sigmund
  2473 | D:2      | Found a shadowy altar of Dithmenos.
  2482 | D:2      | HP: 1/31 [Sigmund/scythe (9)]
  2483 | D:2      | Engulfed by Sigmund's steam

Skill      XL: |  1  2  3  4 |
---------------+-------------+-----
Unarmed Combat | 1 2 3 |  3.0
Fighting       | 3 |  3.3
Short Blades   | |  2.0
Throwing       | |  2.0
Dodging        | |  1.0
Stealth        | |  5.3

Action                   |  1- 3 |  4- 6 || total
-------------------------+-------+-------++-------
Melee: Unarmed           |   100 |    10 ||   110
       Constrict         |    30 |     5 ||    35
       Tentacles         |    22 |     7 ||    29
       Dagger            |     1 |       ||     1
 Stab: Sleeping          |     9 |       ||     9
  Eat: Chunk             |     4 |       ||     4
Armor: Skin              |     6 |       ||     6
Dodge: Dodged            |    65 |     5 ||    70
